Description

Let me know if legit build. not sure if it will work on toss 1 base push

VOD

https://lotv.spawningtool.com/37854/

Replay - TvP cyclone liberator push, toss on fast expo

Build Order

Get SALT Encoding   

  12  0:00  SCV  
  13  0:13  SCV  
  14  0:18  Supply Depot  
  14  0:26  SCV  
  15  0:31  Refinery  
  15  0:39  SCV  
  16  0:44  Barracks  
  16  0:51  Refinery  
  16  0:53  SCV  
  17  1:05  SCV  
  18  1:17  SCV  
  19  1:35  Factory  
  19  1:38  Barracks Reactor  
  19  1:40  SCV  
  20  1:55  Factory  
  20  1:58  Orbital Command  
  20  2:11  Supply Depot  
  20  2:24  SCV  
  21  2:49  Cyclone x2  
  27  2:53  Supply Depot  
  27  2:54  Hellion  
  27  2:57  SCV  
  31  3:14  Supply Depot  
  31  3:21  Cyclone  
  35  3:40  Starport  
  35  3:43  Cyclone  
  38  3:50  Cyclone  
  38  3:55  Supply Depot  
  42  4:02  Hellion  
  45  4:17  Cyclone  
  49  4:31  Liberator  
  49  4:47  Hellion  
  50  6:22  Liberator  
  50  6:37  Hellion x3  
  50  7:03  Engineering Bay  
Spawning Tool Build Advisor. Get it on Overwolf

Go to:

Details

  • Created by: AdAstra
  • Published on: May 28, 2018
  • Modified on: May 28, 2018
  • Patch: 4.0.0
Show
View Real Time Build Order
Export as new Build Order

Comments (0)

There are no comments. Be the first!

Create an account to comment!